 Dungeon Crawl Stone Soup version 0.30-a0-43-gbbf338a72c (webtiles) character file.

Game seed: 8444678788881942847

70 Newt the Trooper (level 4, -10/37 HPs)
             Began as a Demonspawn Gladiator on Aug 31, 2022.
             Killed by an exploding kobold (42 damage)
             ... ignited by their inner flame
             ... on level 3 of the Dungeon.
             The game lasted 00:02:24 (3157 turns).

Newt the Trooper (Demonspawn Gladiator)             Turns: 3157, Time: 00:02:25

Health: -10/37     AC:  6    Str: 17    XL:     4   Next: 4%
Magic:  4/4        EV: 12    Int:  9    God:
Gold:   120        SH:  0    Dex: 14    Spells: 3/3 levels left

rFire   . . .      SeeInvis .    s - +3 whip
rCold   . . .      Faith    .    (no shield)
rNeg    . . .      Spirit   .    b - +0 leather armour
rPois   .          Reflect  .    c - +0 helmet
rElec   .          Harm     .    (no cloak)
rCorr   .          Rampage  .    (no gloves)
Will    .....                    k - +1 pair of boots
Stlth   ++........               (no amulet)
HPRegen 0.12/turn                (no ring)
MPRegen 0.09/turn                (no ring)

@: lethally poisoned (-10 -> -17)
A: foul stench 1
a: no special abilities


You were on level 3 of the Dungeon.
You visited 1 branch of the dungeon, and saw 3 of its levels.

You collected 120 gold pieces.

Inventory:

Hand Weapons
 a - a +0 rapier
 p - a +2 whip of holy wrath
 r - a +0 sling
 s - a +3 whip (weapon)
Missiles
 d - 3 throwing nets (quivered)
 e - 6 javelins
 q - 6 boomerangs
Armour
 b - a +0 leather armour (worn)
 c - a +0 helmet (worn)
 k - a +1 pair of boots (worn)
Scrolls
 f - 4 scrolls of teleportation
 i - a scroll of enchant armour
Potions
 g - 3 potions of curing {unknown}
 j - a potion of might {unknown}
 o - a potion of resistance {unknown}


   Skills:
 + Level 3.7 Fighting
 - Level 2.6 Short Blades
 - Level 1.7 Throwing
 - Level 2.6 Dodging
 - Level 2.0 Stealth


You had 3 spell levels left.
You didn't know any spells.
Your spell library contained the following spells:

 Spells                   Type           Power      Damage    Failure   Level
 Magic Dart               Conj           0%         1d3       45%         1
 Blink                    Tloc           0%         N/A       58%         2
 Manifold Assault         Tloc           0%         N/A       100%        5
 Storm Form               Tmut/Air       0%         N/A       100%        7


Dungeon Overview and Level Annotations

Branches:
Dungeon (3/15)

Altars:
Ashenzari


Innate Abilities, Weirdness & Mutations

You may rarely emit foul miasma when damaged in melee.


Message History

a +3 whip; 2 stones
s - a +3 whip
s - a +3 whip (weapon)
There is a stone staircase leading up here.
t - a scroll labelled QUMPIA IKKEEZXOI You pick up an Inescapable Atlas and begin reading...
You add the spells Blink, Manifold Assault and Storm Form to your library.
As you read the scroll labelled DETHEV LUDGH, it crumbles to dust.
You feel strangely unstable.
It was a scroll of teleportation.
As you read the scroll labelled IGULUU BUSCHIFU, it crumbles to dust.
The scroll dissolves into smoke.
It was a scroll of fog.
As you read the scroll labelled ZUT IROTYLACS, it crumbles to dust.
It is a scroll of enchant armour.
Your +0 pair of boots glows green for a moment.
As you read the scroll labelled UTZEPT YWOB, it crumbles to dust.
You feel aware of your surroundings.
You sensed 2 altars.
It was a scroll of magic mapping.
Your surroundings suddenly seem different.
A kobold comes into view.
It is wielding a +0 dagger and quivering poisoned darts.
Found a broken altar of Ashenzari.
As you read the scroll labelled ESARCH CISEUDOI, it crumbles to dust.
You assume a fearsome visage.
The kobold looks frightened!
The kobold shouts!
It was a scroll of fear.
As you read the scroll labelled FITIUR GIJ LAE, it crumbles to dust.
It is a scroll of amnesia.
You feel forgetful for a moment.
Cornered, the kobold turns to fight!
As you read the scroll labelled QUMPIA IKKEEZXOI, it crumbles to dust.
The creatures around you are filled with an inner flame!
It was a scroll of immolation.
The kobold throws a poisoned dart.
The poisoned dart hits you!
You are poisoned.
Unknown command.
You feel very sick.
You closely miss the kobold.
You feel sick. The kobold closely misses you.
You hit the kobold.
The kobold explodes!
The fiery explosion engulfs you!!!
Ouch! That really hurt!
You die...

,***
*,,,,,,,,,,***,+****,***,,,
,,,*
*,,,,,,,,,,,,***,,,***,,,,,
,,,*
*,,,,,,,,,,,,,,*._,*,,,,,,,
,,,*
*,,,,,,,,,,,,*##..,***,,,,,
,,,*
*******,*,,*##.##***,***,,,
,,,* *,####....#,*,,,,***,
,,,* *,#§§§...#*,**,,,,,,,
,,,* *,#§§....#,,,*,,,,,,,
,,,* *,#§@§..#*,,,**,,,,,,
**** *,#.....#,,,,,*,,,,,,
#.......#,,,,,*,,,,,,
##.........,*********
###########*


There were no monsters in sight!

Vanquished Creatures
  2 adders
  A worm (D:2)
  2 dart slugs (D:2)
  4 ball pythons
  6 endoplasms
  2 giant cockroaches (D:1)
  6 goblins
  A hobgoblin (D:2)
  4 jackals (D:2)
  8 kobolds
  A quokka (D:1)
  A bat (D:1)
  6 rats
44 creatures vanquished.

Vanquished Creatures (others)
  A fungus (D:1)
1 creature vanquished.

Grand Total: 45 creatures vanquished

Notes
Turn   | Place    | Note
-------+----------+-------------------------------------------
     0 | D:1      | Newt the Demonspawn Gladiator began the quest for the Orb.
     0 | D:1      | Reached XP level 1. HP: 16/16 MP: 1/1
   116 | D:1      | Reached skill level 1 in Stealth
   308 | D:1      | Gained mutation: You may rarely emit foul miasma when
                  | damaged in melee. [demonic ancestry]
   308 | D:1      | Reached XP level 2. HP: 21/22 MP: 2/2
   621 | D:1      | Found a faded altar of an unknown god.
   632 | D:1      | Got Plato's Lectures on Blasting
  1271 | D:2      | Reached XP level 3. HP: 17/28 MP: 3/3
  1560 | D:2      | Reached skill level 3 in Fighting
  2644 | D:3      | Reached XP level 4. HP: 5/37 MP: 4/4
  3151 | D:3      | Found a broken altar of Ashenzari.
  3157 | D:3      | Killed by an exploding kobold... ignited by their inner
                  | flame

Illustrated notes

Levels and vault maps discovered:
D:1:      spicycebolla_arrival_xxxplode, layout_basic,
          shapermc_ecumenical_altar_rom_forum, dreamdust_mushroom_princess,
          chequers_serial_rivers_large_b
D:2:      layout_loops_ring, grunt_ministairs_9
D:3:      layout_basic, nicolae_ashenzari_panopticon,
          eat_drink_and_be_merry_uskayaw, uniq_jessica

Skill      XL: |  1  2  3 |
---------------+----------+-----
Stealth        | 1 2 |  2.0
Fighting       | 3 |  3.7
Short Blades   | |  2.6
Throwing       | |  1.7
Dodging        | |  2.6

Action                   |  1- 3 |  4- 6 || total
-------------------------+-------+-------++-------
Melee: Rapier            |    97 |       ||    97
       Punch             |     1 |       ||     1
       Whip              |       |     2 ||     2
 Fire: Sling             |    13 |     1 ||    14
Throw: Boomerang         |     3 |       ||     3
       Javelin           |     1 |       ||     1
  Use: Scroll            |       |     7 ||     7
 Stab: Sleeping          |     8 |       ||     8
Armor: Leather armour    |    32 |       ||    32
Dodge: Dodged            |    62 |     1 ||    63

Table legend: (Time is in decaauts)
 A = Elapsed time spent in this place.
 B = Non-inter-level travel time spent in this place.
 C = Inter-level travel time spent in this place.
 D = Time resting spent in this place.
 E = Time spent auto-exploring this place.
 F = Levels seen in this place.
 G = Mean time per level.
                   A        B        C        D        E       F      G
               +--------+--------+--------+--------+--------+-----+--------+
         Total |   3195 |   3066 |    129 |    748 |   1992 |   3 | 1065.0 |
       Dungeon |   3195 |   3066 |    129 |    748 |   1992 |   3 | 1065.0 |
               +--------+--------+--------+--------+--------+-----+--------+

Top non-repeatable levels by time:
     D:2: 1375 daAuts
     D:1: 1281 daAuts
     D:3: 538 daAuts
